 Dungeon Crawl Stone Soup version 0.18.1-48-g4cf74bf (webtiles) character file.

97 glosham the Cudgeler (level 4, -8/48 HPs)
             Began as an Ogre Abyssal Knight on July 27, 2016.
             Was a Follower of Lugonu.
             Mangled by a large abomination (31 damage)
             ... on level 2 of the Abyss.
             The game lasted 00:03:58 (164 turns).

glosham the Cudgeler (Ogre Abyssal Knight)           Turns: 164, Time: 00:03:58

Health: -8/48      AC:  3    Str: 17    XL:     4   Next: 68%
Magic:  5/5        EV: 10    Int: 11    God:    Lugonu [*.....]
Gold:   32         SH:  0    Dex: 10    Spells: 0 memorised, 3 levels left

rFire  . . .     SeeInvis .     a - +2 mace
rCold  . . .     Gourm    .     b - +0 robe
rNeg   . . .     Faith    .     (no shield)
rPois  .         Spirit   .     (helmet restricted)
rElec  .         Dismiss  .     (no cloak)
rCorr  .         Reflect  .     (gloves unavailable)
SustAt .         Harm     .     (boots unavailable)
MR     .....                    (no amulet)
Stlth  +.........               (no ring)
                                (no ring)

@: not resistant to hostile enchantments, very unstealthy
A: unfitting armour, tough skin 1
a: Depart the Abyss, Renounce Religion


You were on level 2 of the Abyss.
You worshipped Lugonu.
Lugonu was aware of your devotion.
You were not hungry.

You visited 0 branches of the dungeon, and saw 0 of its levels.
You visited the Abyss 1 time.

You collected 32 gold pieces.

Inventory:

Hand Weapons
 a - a +2 mace (weapon)
Armour
 b - a +0 robe (worn)
Wands
 d - a wand of lightning (1/15)
Potions
 e - a potion of heal wounds
Miscellaneous
 f - a plain deck of war
Comestibles
 c - a bread ration


   Skills:
 - Level 4.0 Fighting
 + Level 6.3 Maces & Flails
 - Level 2.1 Dodging
 - Level 2.0 Invocations


You had 3 spell levels left.
You didn't know any spells.

Dungeon Overview and Level Annotations

Branches:
Dungeon (0/15)

Altars:


Innate Abilities, Weirdness & Mutations

You are too large for most types of armour.
You have tough skin (AC +1).


Message History

You kill the hell hound!
Your Maces & Flails skill gained 4 levels and is now at level 6!
You have reached level 2!
You have reached level 3!
Your experience leads to an increase in your attributes!
Increase (S)trength, (I)ntelligence, or (D)exterity?
You feel agile.
You feel stronger.
You have reached level 4!
Evoking this partially-identified wand wasted a few charges.
The substance of the Abyss twists violently, and a gateway leading out appears!
There is a corrupted altar of Lugonu here.
Found 2 coppery potions.
Found a runed scale mail.
A chaos spawn comes into view.
You see here 2 coppery potions.
e - 2 coppery potions The chaos spawn gives a hideous shriek!
You see here a runed scale mail.
Found a scroll labeled XEOPLUDA TASUL.
A swamp dragon zombie comes into view.
A wight comes into view. It is wielding an enchanted long sword.
Found a meat ration.
A great orb of eyes comes into view.
A large abomination comes into view.
The large abomination barely misses you.
A small abomination comes into view.
A quasit comes into view.
Drink which item? (? for menu, Esc to quit)
It was a potion of heal wounds.
You feel much better.
The large abomination barely misses you.
The large abomination hits you!!
Ouch! That really hurt!
You hear a chilling moan.
Found a plain deck of cards.
A large abomination comes into view.
You see here a plain deck of cards.
f - a plain deck of cards The large abomination hits you!!
Ouch! That really hurt!
You die...

. .. #...###
# ###. # #.
#.### # #
#.#.#. ..
##...## #...
##.##.#x##
## ...
#....#..#
#.#..
#.#..#### ##
. #...#..#
.##
###xX###..##
.#
##@.X..... .
#...#.##....
. #.## #..
.# # ##.# ..
#.


You could see 2 large abominations and a small abomination.

Vanquished Creatures
  A hell hound (Abyss:2)
1 creature vanquished.

Notes
Turn   | Place    | Note
--------------------------------------------------------------
     0 | Abyss:1  | glosham the Ogre Abyssal Knight began the quest for the Orb.
     0 | Abyss:1  | Reached XP level 1. HP: 24/24 MP: 2/2
    57 | Abyss:2  | Found a corrupted altar of Lugonu.
    59 | Abyss:2  | Found a corrupted altar of Lugonu.
    65 | Abyss:2  | Noticed a large abomination
    76 | Abyss:2  | Noticed a hell hound
    79 | Abyss:2  | Killed a hell hound
    79 | Abyss:2  | Reached skill level 6 in Maces & Flails
    79 | Abyss:2  | Reached XP level 2. HP: 11/32 MP: 3/3
    79 | Abyss:2  | Reached XP level 3. HP: 13/39 MP: 4/4
    79 | Abyss:2  | Reached XP level 4. HP: 16/48 MP: 5/5
    93 | Abyss:2  | Noticed a chaos spawn
   137 | Abyss:2  | Noticed a great orb of eyes
   138 | Abyss:2  | Noticed a large abomination
   147 | Abyss:2  | Noticed a small abomination
   162 | Abyss:2  | Noticed a large abomination
   164 | Abyss:2  | Mangled by a large abomination

Skill      XL: |  1 |
---------------+----+-----
Maces & Flails | 6 |  6.3
Fighting       | |  4.0
Dodging        | |  2.1
Invocations    | |  2.0

Action                   |  1- 3 |  4- 6 || total
-------------------------+-------+-------++-------
Evoke: Wand              |     2 |     1 ||     3
  Use: Scroll            |     1 |       ||     1
       Potion            |       |     1 ||     1
Dodge: Dodged            |     2 |     2 ||     4

Table legend:
 A = Turns spent in this place as a percentage of turns spent in the entire game.
 B = Non-inter-level travel turns spent in this place as a percentage of non-inter-level travel turns spent in the entire game.
 C = Inter-level travel turns spent in this place as a percentage of turns spent in this place.
 D = Turns resting spent in this place as a percentage of non-inter-level travel turns spent in this place.
 E = Turns spent auto-exploring this place as a percentage of non-inter-level travel turns spent in this place.
 F = Non-inter-level travel turns spent in this place divided by the number of levels of this place that you've seen.
                   A       B       C       D       E      F
               +-------+-------+-------+-------+-------+----------------------
         Total | 100.0 | 100.0 |   0.0 |   0.0 |   0.0 |  84.0
         Abyss | 100.0 | 100.0 |   0.0 |   0.0 |   0.0 |  84.0
               +-------+-------+-------+-------+-------+----------------------

Table legend:
 A = Kills in this place as a percentage of kills in entire the game.
 B = Kills by you in this place as a percentage of kills by you in the entire game.
 C = Kills by friends in this place as a percentage of kills by friends in the entire game.
 D = Other kills in this place as a percentage of other kills in the entire game.
 E = Experience gained in this place as a percentage of experience gained in the entire game.
 F = Experience gained in this place divided by the number of levels of this place that you have seen.
                   A       B       C       D       E      F
               +-------+-------+-------+-------+-------+----------------------
         Total | 100.0 | 100.0 |  -nan |  -nan | 100.0 |  69.5
         Abyss | 100.0 | 100.0 |  -nan |  -nan | 100.0 |  69.5
               +-------+-------+-------+-------+-------+----------------------

Vault maps used:
Abyss:2:  evilmike_abyss_exit_15
